 Dungeon Crawl Stone Soup version 0.22-a0-355-g201945f (webtiles) character file.

674 sankara the Cleaver (level 7, -2/60 HPs)
             Began as a Hill Orc Fighter on Apr 17, 2018.
             Shot with an arrow by a centaur (6 damage)
             ... on level 6 of the Dungeon.
             The game lasted 00:12:57 (4782 turns).

sankara the Cleaver (Hill Orc Fighter)              Turns: 4782, Time: 00:12:58

Health: -2/60      AC: 11    Str: 21    XL:     7   Next: 59%
Magic:  7/7        EV:  3    Int:  8    God:
Gold:   123        SH:  9    Dex: 10    Spells: 6/6 levels left

rFire    . . .     SeeInvis .   a - +0 broad axe
rCold    . . .     Gourm    .   c - +0 shield
rNeg     . . .     Faith    .   v - +0 plate armour (curse)
rPois    .         Spirit   .   (no helmet)
rElec    .         Reflect  .   (no cloak)
rCorr    .         Harm     .   (no gloves)
MR       .....                  (no boots)
Stlth    ..........             (no amulet)
HPRegen  0.20/turn              (no ring)
MPRegen  0.10/turn              (no ring)

@: heavily drained
A: no striking features
a: no special abilities


You were on level 6 of the Dungeon.
You were hungry.

You visited 1 branch of the dungeon, and saw 6 of its levels.

You collected 183 gold pieces.
You spent 60 gold pieces at shops.

Inventory:

Hand Weapons
 a - a +0 broad axe (weapon)
   (You found it on level 3 of the Dungeon)
 r - a +0 hunting sling
   (You found it on level 3 of the Dungeon)
 t - a +0 war axe
   (You took it off an orc on level 3 of the Dungeon)
Armour
 c - a +0 shield (worn)
 u - a +0 ring mail of poison resistance
   (You took it off an orc on level 3 of the Dungeon)
 v - a cursed +0 plate armour (worn)
   (You found it on level 4 of the Dungeon)
 x - the +3 leather armour "Woedoul" {rElec rC- MR+, unknown}
   (You found it on level 5 of the Dungeon)

   It makes you vulnerable to cold.
   It insulates you from electricity.
   It affects your resistance to hostile enchantments.
Jewellery
 l - an uncursed ring of fire {rF+, rC-}
   (You found it on level 1 of the Dungeon)
Scrolls
 b - a scroll of amnesia {unknown}
 e - 6 scrolls of teleportation {unknown}
 g - a scroll of random uselessness {unknown}
 h - 7 scrolls of identify {unknown}
 j - 4 scrolls of remove curse {unknown}
 m - 2 scrolls of enchant weapon {unknown}
 p - a scroll of immolation {unknown}
 q - a scroll of fog {unknown}
 y - 2 scrolls of magic mapping {unknown}
Potions
 d - 3 potions of might
 i - 3 potions of curing {unknown}
 k - 3 potions of heal wounds
 n - a potion of mutation {unknown}
 o - a potion of berserk rage {unknown}
 s - a potion of ambrosia {unknown}
 w - a potion of degeneration {unknown}
 z - a potion of haste {unknown}
Comestibles
 f - 5 rations


   Skills:
 + Level 4.9(3.2) Fighting
 + Level 9.0(7.1) Axes
 + Level 4.3(2.7) Armour
 + Level 4.4(2.7) Shields


You had 6 spell levels left.
You didn't know any spells.

Dungeon Overview and Level Annotations

Branches:
Dungeon (6/15)
 Temple: D:4-7

Altars:
Ashenzari
Dithmenos
Okawaru
Sif Muna
Trog
Vehumet
Wu Jian

Shops:
D:4 !   D:5 }

Annotations:
D:4 Grinder
D:6 Pikel


Message History

The centaur is lightly wounded.
You hit the slave. x2; You block the centaur's attack.
You block the slave's attack.
The centaur hits you but does no damage.
The slave hits you. You block the slave's attack.
The slave hits you but does no damage.
You slash the slave!
The slave is severely wounded.
You hit the slave.
Your plate armour prevents you from hitting the slave.
You hit the centaur.
The centaur hits you but does no damage.
The slave hits you but does no damage. You block the centaur's attack.
The slave hits you.
You slash the slave!
You kill the slave!
That felt strangely unrewarding.
You hit the slave. You hit Pikel. You completely miss the centaur.
The centaur completely misses you. You block the centaur's attack.
Pikel barely misses you. You block the slave's attack.
You hit the centaur but do no damage.
The centaur is moderately wounded.
You hit the slave but do no damage. x2; You barely miss Pikel.
You block the centaur's attack. The slave barely misses you.
The centaur hits you but does no damage.
Pikel hits you but does no damage. You block the slave's attack.
The slave hits you but does no damage.
Your plate armour prevents you from hitting the centaur.
The centaur is moderately wounded.
Your shield and plate armour prevent you from hitting the slave.
You hit the slave.
Your plate armour prevents you from hitting Pikel.
You block the centaur's attack. Pikel hits you but does no damage.
The slave hits you but does no damage.
The centaur hits you but does no damage.
The slave hits you.
You closely miss the centaur.
The centaur is moderately wounded.
You closely miss Pikel. You hit the slave.
Your shield and plate armour prevent you from hitting the slave.
The centaur hits you but does no damage.
Pikel hits you but does no damage. The slave hits you.
The slave hits you but does no damage.
The centaur hits you but does no damage.
Pikel hits you with a whip of flaming. Pikel burns you.
The slave hits you but does no damage.
Your plate armour prevents you from hitting the centaur.
The centaur is moderately wounded.
You slash Pikel! You barely miss the slave. You closely miss the slave.
The centaur hits you. You block the slave's attack.
You block the centaur's attack. Pikel hits you but does no damage.
The slave hits you. The slave barely misses you.
Your shield and plate armour prevent you from hitting Pikel.
Pikel is moderately wounded.
You hit the centaur. You miss the slave. You barely miss the slave.
You block the centaur's attack. Pikel hits you with a whip of flaming.
Pikel burns you. The slave hits you.
The centaur hits you but does no damage.
The slave hits you but does no damage. You block Pikel's attack.
Your plate armour prevents you from hitting Pikel.
Pikel is moderately wounded.
You slash the centaur! You closely miss the slave. You hit the slave.
The centaur barely misses you. The slave barely misses you.
You block the centaur's attack. You block the slave's attack.
Pikel hits you with a whip of flaming. Pikel burns you. The slave hits you.
You hit Pikel.
Pikel is moderately wounded.
You barely miss the centaur.
Your shield and plate armour prevent you from hitting the slave.
You hit the slave but do no damage. You block the centaur's attack.
The slave hits you but does no damage. The centaur hits you.
Pikel completely misses you. The slave hits you but does no damage.
You block the slave's attack.
You closely miss Pikel.
Pikel is moderately wounded.
You closely miss the centaur. You closely miss the slave. You miss the slave.
The centaur hits you. Pikel hits you but does no damage.
The centaur hits you but does no damage.
The slave hits you but does no damage. x2
Your plate armour prevents you from hitting Pikel.
Pikel is moderately wounded.
You slash the slave! You hit the slave.
Your plate armour prevents you from hitting the centaur.
The centaur hits you but does no damage.
You block Pikel's attack. The slave completely misses you.
The slave hits you but does no damage. You block the centaur's attack.
Pikel hits you but does no damage. The slave hits you.
* * * LOW HITPOINT WARNING * * *
You block the centaur's attack.
The centaur wields an uncursed shortbow.
The centaur shoots an arrow.
The arrow hits you!
* * * LOW HITPOINT WARNING * * *
The slave hits you but does no damage.
You see here 2 arrows.
The centaur shoots an arrow.
The arrow hits you.
* * * LOW HITPOINT WARNING * * *
There is a stone staircase leading up here.
You see here an arrow.
You block the slave's attack.
The centaur shoots an arrow.
The arrow hits you.
You die...

. # ...... ..#.
..... ....# ...#
.....#..### !.
...#....###
....##.......#
#..<..$.[p...##.#
##.###.pcKp.....#
####.@...###
#..##.(.... #..##
..... #.# ....
... ### .... ..##
..


You could see Pikel, 3 slaves and a centaur.

Vanquished Creatures
  A slave (D:6)
  An ice beast (D:1)
  2 phantoms
  The ghost of Amnesiac the Cutter, a weakling VSFi (D:5)
  The ghost of Amnesiac the Cutter, a weakling VSFi (D:3)
  A bullfrog zombie (D:5)
  An orc priest (D:3)
  A hound (D:5)
  2 worker ants
  An iguana (D:4)
  An orc wizard (D:5)
  A hound skeleton (D:4)
  9 adders
  4 oozes
  2 worms (D:3)
  2 dart slugs (D:1)
  7 orcs
  2 bats (D:1)
  3 giant cockroaches
  3 goblins
  5 hobgoblins
  2 jackals (D:5)
  2 ball pythons
  5 frilled lizards
  7 kobolds
  8 rats
75 creatures vanquished.

Vanquished Creatures (others)
  An orc wizard (D:5)
  An orc (D:5)
2 creatures vanquished.

Grand Total: 77 creatures vanquished

Notes
Turn   | Place    | Note
-------+----------+-------------------------------------------
     0 | D:1      | sankara the Hill Orc Fighter began the quest for the Orb.
     0 | D:1      | Reached XP level 1. HP: 19/19 MP: 1/1
     6 | D:1      | Reached skill level 3 in Axes
    37 | D:1      | Reached XP level 2. HP: 26/26 MP: 2/2
   114 | D:1      | Reached skill level 4 in Axes
   500 | D:1      | Reached XP level 3. HP: 31/31 MP: 3/3
   756 | D:2      | Reached skill level 5 in Axes
   876 | D:2      | Found a deep blue altar of Sif Muna.
   995 | D:2      | Reached XP level 4. HP: 32/39 MP: 4/4
  1071 | D:2      | Found a bloodstained altar of Trog.
  1509 | D:2      | Reached skill level 6 in Axes
  1581 | D:2      | Noticed an ice beast
  1607 | D:1      | Killed an ice beast
  1607 | D:1      | Reached skill level 7 in Axes
  1607 | D:1      | Reached XP level 5. HP: 18/45 MP: 5/5
  1867 | D:3      | Found a shattered altar of Ashenzari.
  1948 | D:3      | Found an ornate altar of the Wu Jian Council.
  1981 | D:3      | Noticed Amnesiac's ghost (weakling VSFi)
  1993 | D:3      | Killed Amnesiac's ghost
  2149 | D:3      | HP: 11/45 [adder (3)]
  2150 | D:3      | Reached skill level 8 in Axes
  2150 | D:3      | Reached XP level 6. HP: 13/51 MP: 6/6
  2154 | D:3      | HP: 10/51 [poisoned by an adder]
  2161 | D:3      | HP: 10/51 [poisoned by an adder]
  2169 | D:3      | HP: 9/51 [poisoned by an adder]
  2504 | D:3      | Found a radiant altar of Vehumet.
  3391 | D:4      | Found Xaenwiniesh's Distillery.
  3461 | D:4      | Bought a potion of heal wounds for 60 gold pieces
  3481 | D:4      | Noticed a phantom
  3502 | D:4      | Killed a phantom
  3502 | D:4      | Reached skill level 4 in Fighting
  3539 | D:4      | Noticed Grinder
  3546 | D:4      | Paralysed by Grinder for 3 turns
  3664 | D:4      | Found a shadowy altar of Dithmenos.
  3671 | D:4      | Reached XP level 7. HP: 60/60 MP: 7/7
  3804 | D:5      | Entered Level 5 of the Dungeon
  3838 | D:5      | HP: 8/60 [something (9)]
  4053 | D:5      | Reached skill level 4 in Shields
  4060 | D:5      | Noticed Amnesiac's ghost (weakling VSFi)
  4094 | D:5      | Reached skill level 4 in Armour
  4322 | D:5      | Killed Amnesiac's ghost
  4353 | D:5      | Got a brightly glowing leather armour
  4481 | D:5      | Found Eboxar's Gadget Shop.
  4500 | D:5      | Reached skill level 9 in Axes
  4593 | D:5      | Found an iron altar of Okawaru.
  4763 | D:6      | Noticed Pikel
  4778 | D:6      | HP: 15/60 [slave[Pikel] (6)]
  4780 | D:6      | HP: 4/60 [centaur/arrow (11)]
  4782 | D:6      | Shot with an arrow by a centaur

Vault maps used:
D:1:      erik_arrival_gehennom
D:2:      lemuel_blue_sif_altar, bloody_trog
D:3:      vehumet_crystals, ashenzari_conservatory_becter, lemuel_crystal_altar
D:4:      grunt_dithmenos_smoke, serial_shops, nicolae_shop_waterfront,
          uniq_grinder
D:5:      kennysheep_mini, serial_shops,
          nicolae_shop_competitors_out_of_business, first_ration,
          lemuel_flamethrower_2
D:6:      marbit_many_paths, cheibriados_altar_1, lemuel_round_altar,
          minmay_temple_entry_statues_fountains, uniq_pikel

Skill      XL: |  1  2  3  4  5  6  7 |
---------------+----------------------+-----
Axes           | 3 4 5 7 8 9 |  9.0
Fighting       | 4 |  4.9
Shields        | 4 |  4.4
Armour         | 4 |  4.3

Action                   |  1- 3 |  4- 6 |  7- 9 || total
-------------------------+-------+-------+-------++-------
Melee: War axe           |    85 |    54 |       ||   139
       Broad axe         |       |   117 |    61 ||   178
  Eat: Chunk             |     1 |     8 |     3 ||    12
Armor: Scale mail        |    47 |    36 |       ||    83
       Ring mail         |       |     6 |       ||     6
       Plate armour      |       |     1 |    68 ||    69
Dodge: Dodged            |    27 |    30 |    15 ||    72
Block: Shield            |    53 |    84 |    37 ||   174

Table legend:
 A = Spawn XP
 B = Non-spawn XP
 C = Spawn XP percentage of total XP
 D = Spawn monster count
 E = Non-spawn monster count
 F = Spawn count percentage of total count
 G = Total turns spent on level
                    A         B        C        D         E        F      G
               +---------+---------+-------+---------+---------+-------+---------
         Total |       0 |     963 |   0.0 |       0 |      74 |   0.0 |  4782
               +---------+---------+-------+---------+---------+-------+---------
           D:1 |       0 |     173 |   0.0 |       0 |      16 |   0.0 |   922
           D:2 |       0 |      67 |   0.0 |       0 |      13 |   0.0 |   945
           D:3 |       0 |     194 |   0.0 |       0 |      29 |   0.0 |  1524
           D:4 |       0 |     209 |   0.0 |       0 |       5 |   0.0 |   413
           D:5 |       0 |     320 |   0.0 |       0 |      11 |   0.0 |   956
               +---------+---------+-------+---------+---------+-------+---------

Vault maps used:
D:1:      erik_arrival_gehennom
D:2:      lemuel_blue_sif_altar, bloody_trog
D:3:      vehumet_crystals, ashenzari_conservatory_becter, lemuel_crystal_altar
D:4:      grunt_dithmenos_smoke, serial_shops, nicolae_shop_waterfront,
          uniq_grinder
D:5:      kennysheep_mini, serial_shops,
          nicolae_shop_competitors_out_of_business, first_ration,
          lemuel_flamethrower_2
D:6:      marbit_many_paths, cheibriados_altar_1, lemuel_round_altar,
          minmay_temple_entry_statues_fountains, uniq_pikel

Table legend:
 A = Turns spent in this place as a percentage of turns spent in the entire game.
 B = Non-inter-level travel turns spent in this place as a percentage of non-inter-level travel turns spent in the entire game.
 C = Inter-level travel turns spent in this place as a percentage of turns spent in this place.
 D = Turns resting spent in this place as a percentage of non-inter-level travel turns spent in this place.
 E = Turns spent auto-exploring this place as a percentage of non-inter-level travel turns spent in this place.
 F = Non-inter-level travel turns spent in this place divided by the number of levels of this place that you've seen.
                   A       B       C       D       E      F
               +-------+-------+-------+-------+-------+----------------------
         Total | 100.0 | 100.0 |   3.4 |  23.1 |  58.6 | 770.0
       Dungeon | 100.0 | 100.0 |   3.4 |  23.1 |  58.6 | 770.0
               +-------+-------+-------+-------+-------+----------------------

Table legend:
 A = Kills in this place as a percentage of kills in entire the game.
 B = Kills by you in this place as a percentage of kills by you in the entire game.
 C = Kills by friends in this place as a percentage of kills by friends in the entire game.
 D = Other kills in this place as a percentage of other kills in the entire game.
 E = Experience gained in this place as a percentage of experience gained in the entire game.
 F = Experience gained in this place divided by the number of levels of this place that you have seen.
                   A       B       C       D       E      F
               +-------+-------+-------+-------+-------+----------------------
         Total | 100.0 | 100.0 |   N/A |   N/A | 100.0 | 160.5
       Dungeon | 100.0 | 100.0 |   N/A |   N/A | 100.0 | 160.5
               +-------+-------+-------+-------+-------+----------------------
